[Event "December 5 Early 2023"]
[Site "https://www.chess.com"]
[Date "2023.12.05"]
[Round "7"]
[White "Lopez Del Alamo, Antonio"]
[Black "Biriukov, Ilja"]
[Result "1-0"]
[Board "180"]
[TimeControl "180+1"]
[WhiteFideId "2227339"]
[BlackFideId "4113373"]
[WhiteElo "2295"]
[BlackElo "2130"]
[WhiteTeam "ESP"]
[BlackTeam "RUS"]
[WhiteClock "0:00:54"]
[BlackClock "0:00:15"]

1. e4 e6 2. d3 d5 3. Nd2 Nf6 4. Ngf3 b6 5. c3 Bb7 6. Qa4+ Qd7 7. Qc2 Be7 8. e5 Ng8 9. d4 c5 10. Bd3 Ba6 11. O-O Bxd3 12. Qxd3 Nh6 13. dxc5 bxc5 14. c4 Nc6 15. b3 Nb4 16. Qe2 Nf5 17. Bb2 d4 18. Ne4 Qc6 19. Rfe1 d3 20. Qd2 Nc2 21. Qxd3 Nxa1 22. Bxa1 Rd8 23. Qe2 Nd4 24. Nxd4 cxd4 25. Qd3 O-O 26. f4 Bb4 27. Rf1 Bc3 28. Bxc3 dxc3 29. Nd6 Qc5+ 30. Kh1 f6 31. Qh3 f5 32. Qxc3 Rxd6 33. exd6 Qxd6 34. Qe5 Qxe5 35. fxe5 Rd8 36. Rc1 Rd2 37. c5 Rd7 38. c6 Rc7 39. b4 a6 40. a4 Kf8 41. b5 axb5 42. axb5 1-0

[Event "December 5 Early 2023"]
[Site "https://www.chess.com"]
[Date "2023.12.05"]
[Round "7"]
[White "pauliukevicius"]
[Black "Mejia, Cherry Ann"]
[Result "1-0"]
[Board "181"]
[TimeControl "180+1"]
[BlackFideId "5206880"]
[WhiteElo "2117"]
[BlackElo "2293"]
[BlackTeam "PHI"]
[WhiteClock "0:00:06"]
[BlackClock "0:00:05"]

1. d4 d5 2. c4 dxc4 3. e4 e5 4. Nf3 exd4 5. Bxc4 Bb4+ 6. Nbd2 Qf6 7. O-O Nc6 8. e5 Qg6 9. Nb3 Bg4 10. h3 Bxh3 11. Ng5 Be6 12. Nxe6 fxe6 13. Nxd4 Nxd4 14. Qxd4 Be7 15. Be3 Nh6 16. Rad1 O-O 17. Qd7 Bg5 18. Qxe6+ Qxe6 19. Bxe6+ Kh8 20. Bxg5 Rae8 21. Bxh6 gxh6 22. Bg4 Rxe5 23. Rd7 Rc5 24. Re1 h5 25. Ree7 Rc1+ 26. Kh2 Rb8 27. Rxh7+ Kg8 28. Be6+ Kf8 29. Rh8# 1-0

[Event "December 5 Early 2023"]
[Site "https://www.chess.com"]
[Date "2023.12.05"]
[Round "7"]
[White "Franchini, Gabriele"]
[Black "Mende, Andreas"]
[Result "1-0"]
[Board "182"]
[TimeControl "180+1"]
[WhiteFideId "806790"]
[BlackFideId "4631102"]
[WhiteElo "2279"]
[BlackElo "2096"]
[WhiteTeam "ITA"]
[BlackTeam "GER"]
[WhiteClock "0:00:43"]
[BlackClock "0:00:00"]

1. e4 c5 2. Nf3 Nc6 3. Bb5 g6 4. Bxc6 dxc6 5. d3 Bg7 6. h3 Nf6 7. Nc3 Nd7 8. Be3 b6 9. a4 a5 10. Qd2 Nf8 11. Bh6 Bxh6 12. Qxh6 Ne6 13. Ne5 Qc7 14. f4 Nxf4 15. Qxf4 f6 16. Nxg6 Qxf4 17. Nxf4 Bd7 18. O-O Rg8 19. Kh2 O-O-O 20. Rae1 Rg5 21. Re2 h5 22. Ref2 Rdg8 23. Re1 h4 24. Nd1 b5 25. Ne3 e6 26. Ra1 e5 27. Ne2 Rg3 28. Nf5 Bxf5 29. exf5 Re3 30. axb5 cxb5 31. Rxa5 c4 32. dxc4 bxc4 33. Rc5+ Kd7 34. Rxc4 Rb8 35. b3 Kd6 36. Rxh4 Kd5 37. Rh7 Rc8 38. Rd7+ Ke4 39. Ng3+ 1-0

[Event "December 5 Early 2023"]
[Site "https://www.chess.com"]
[Date "2023.12.05"]
[Round "7"]
[White "Ghosh, Chanchal Kumer"]
[Black "Clawitter, Craig"]
[Result "1-0"]
[Board "183"]
[TimeControl "180+1"]
[WhiteFideId "10201858"]
[BlackFideId "2023105"]
[WhiteElo "2062"]
[BlackElo "2248"]
[WhiteTeam "BAN"]
[BlackTeam "USA"]
[WhiteClock "0:00:07"]
[BlackClock "0:00:00"]

1. e4 e6 2. Nf3 d5 3. Nc3 Nf6 4. e5 Nfd7 5. d4 c5 6. Bg5 Qb6 7. dxc5 Bxc5 8. Qd2 Nc6 9. Bb5 O-O 10. Bxc6 bxc6 11. Na4 Bxf2+ 12. Qxf2 Qb4+ 13. Nc3 Qxb2 14. Kd2 c5 15. Rhb1 Qa3 16. Be7 Re8 17. Rb3 Qa5 18. Rb5 Qc7 19. Bd6 Qd8 20. Bxc5 Ba6 21. Rb4 Rc8 22. Bd4 Qa5 23. Rab1 Nc5 24. Qe3 h6 25. a4 Rc7 26. Bxc5 Rxc5 27. Nd4 Rec8 28. Nde2 Bxe2 29. Nxe2 Rxc2+ 30. Ke1 R2c4 31. Qd2 Qc5 32. Rxc4 Qxc4 33. Rc1 Qa6 34. Rxc8+ Qxc8 35. Qc3 Qb7 36. a5 Qb1+ 37. Kf2 Qf5+ 38. Qf3 Qxe5 39. Qe3 Qa1 40. Qxa7 d4 41. Qxd4 Qa3 42. Qb6 1-0

[Event "December 5 Early 2023"]
[Site "https://www.chess.com"]
[Date "2023.12.05"]
[Round "7"]
[White "Fernandez Sanchez, Mario Andres"]
[Black "Gulamirian, Korun"]
[Result "1-0"]
[Board "185"]
[TimeControl "180+1"]
[WhiteFideId "6501621"]
[BlackFideId "4144899"]
[WhiteElo "2227"]
[BlackElo "2013"]
[WhiteTeam "CRC"]
[BlackTeam "RUS"]
[WhiteClock "0:00:40"]
[BlackClock "0:00:00"]

1. d4 Nf6 2. Bf4 g6 3. Nc3 Bg7 4. e4 Nh5 5. Be3 c6 6. Qd2 O-O 7. O-O-O Qa5 8. Kb1 d6 9. f3 Be6 10. g4 Nf6 11. h4 Rc8 12. h5 Nbd7 13. Bh6 Bh8 14. Nh3 b5 15. b3 Nb6 16. Ng5 b4 17. Ne2 c5 18. Nxe6 fxe6 19. hxg6 hxg6 20. Be3 c4 21. Nf4 Kf7 22. g5 cxb3 23. cxb3 Qxg5 24. Nxe6 Qa5 25. Ng5+ Kg7 26. d5 Nbd7 27. Bd4 Ne5 28. f4 Neg4 29. Bc4 Rxc4 30. bxc4 Rc8 31. e5 dxe5 32. fxe5 Nxd5 33. e6+ Ndf6 34. Rh7+ Kg8 35. Rxh8+ 1-0

[Event "December 5 Early 2023"]
[Site "https://www.chess.com"]
[Date "2023.12.05"]
[Round "7"]
[White "Saim, Mohamed Ilias"]
[Black "Fernandez Hernandez, Gerardo"]
[Result "1/2-1/2"]
[Board "186"]
[TimeControl "180+1"]
[WhiteFideId "7900465"]
[BlackFideId "2207400"]
[WhiteElo "2003"]
[BlackElo "2223"]
[WhiteTeam "ALG"]
[BlackTeam "ESP"]
[WhiteClock "0:00:05"]
[BlackClock "0:00:28"]

1. d4 Nf6 2. c4 c5 3. d5 b5 4. cxb5 a6 5. bxa6 g6 6. Nc3 Bg7 7. e4 O-O 8. g3 Qa5 9. Bd2 Bxa6 10. Nf3 d6 11. Bxa6 Qxa6 12. Qe2 Qxe2+ 13. Kxe2 Na6 14. Rhe1 Nb4 15. Rec1 c4 16. Nd4 Nd3 17. Rc2 Rfb8 18. Rb1 Nb4 19. Rcc1 Nxa2 20. Nxa2 Rxa2 21. Nc6 Rbxb2 22. Rxb2 Rxb2 23. Rxc4 Ng4 24. Rb4 Rxb4 25. Bxb4 Kf8 26. h3 Ne5 27. Nxe5 Bxe5 28. Ke3 f5 29. f4 Bb2 30. Kf3 Kf7 31. g4 fxg4+ 32. Kxg4 h5+ 33. Kf3 Bc1 34. Ba5 Kf6 35. Bd8 Bb2 36. Ke3 Bc1+ 37. Kf3 Bb2 38. Ba5 Kf7 39. Bd8 Bd4 40. Ba5 Bc5 41. Bc3 e6 42. dxe6+ Kxe6 43. Kg3 d5 44. exd5+ Kxd5 45. Be5 Ke4 46. Bc7 Kf5 47. Bb8 Be3 48. Bd6 h4+ 49. Kf3 Bd4 50. Bc7 Bf6 51. Be5 Bxe5 52. fxe5 Kxe5 53. Kg4 Ke4 54. Kxh4 Kf4 1/2-1/2

[Event "December 5 Early 2023"]
[Site "https://www.chess.com"]
[Date "2023.12.05"]
[Round "7"]
[White "Nikulina, Alena"]
[Black "Mickiewicz, Piotr"]
[Result "0-1"]
[Board "187"]
[TimeControl "180+1"]
[WhiteFideId "4172051"]
[BlackFideId "1114891"]
[WhiteElo "2018"]
[BlackElo "2369"]
[WhiteTeam "RUS"]
[BlackTeam "POL"]
[WhiteClock "0:02:03"]
[BlackClock "0:01:43"]

1. e4 e5 2. Nf3 Nc6 3. Bb5 Nf6 4. O-O d6 5. d4 exd4 6. Nxd4 Bd7 7. Bxc6 bxc6 8. Qf3 c5 9. Nf5 Bxf5 10. exf5 Be7 11. Nc3 O-O 12. Bg5 Qd7 13. Rfe1 Rfe8 14. Rxe7 Qxe7 15. Nd5 Qe1+ 16. Rxe1 Rxe1# 0-1

[Event "December 5 Early 2023"]
[Site "https://www.chess.com"]
[Date "2023.12.05"]
[Round "7"]
[White "Mirzoev, Azer"]
[Black "Jesusesmifuerza"]
[Result "1-0"]
[Board "188"]
[TimeControl "180+1"]
[WhiteFideId "13400304"]
[WhiteElo "2597"]
[BlackElo "2106"]
[WhiteTeam "AZE"]
[WhiteClock "0:02:03"]
[BlackClock "0:01:49"]

1. c4 e5 2. Nc3 Nf6 3. Nf3 Nc6 4. d3 h6 5. e3 Bc5 6. a3 a6 7. b4 Ba7 8. Be2 d6 9. O-O O-O 10. Bb2 Bf5 11. Nd5 Re8 12. Rc1 e4 13. Nxf6+ gxf6 14. dxe4 Bxe4 15. Bd3 Kh7 16. Bxe4+ Rxe4 17. Qd5 Re6 18. Qf5+ Kg7 19. Qg4+ Kh7 20. Qf5+ Kg7 21. Rfd1 Qg8 22. c5 dxc5 23. bxc5 Qh7 24. Qh3 Rg8 25. Rd7 Bb8 26. Qxe6 1-0

[Event "December 5 Early 2023"]
[Site "https://www.chess.com"]
[Date "2023.12.05"]
[Round "7"]
[White "Viskelis, Darius"]
[Black "Feliz Dotel, Dewar Bienvenido"]
[Result "1-0"]
[Board "189"]
[TimeControl "180+1"]
[WhiteFideId "12800830"]
[BlackFideId "6402801"]
[WhiteElo "2366"]
[BlackElo "2071"]
[WhiteTeam "LTU"]
[BlackTeam "DOM"]
[WhiteClock "0:00:08"]
[BlackClock "0:00:00"]

1. e4 e5 2. Nf3 Nc6 3. Bb5 Nf6 4. O-O Nxe4 5. Re1 Nd6 6. Nxe5 Be7 7. Bf1 Nxe5 8. Rxe5 O-O 9. d4 Ne8 10. c4 Bf6 11. Re1 d5 12. Nc3 c6 13. cxd5 cxd5 14. Bf4 a6 15. Be5 Be6 16. Rc1 Nd6 17. Qf3 Bxe5 18. dxe5 Nf5 19. Rcd1 Ne7 20. Bd3 Ng6 21. Bxg6 hxg6 22. Nxd5 Bxd5 23. Qxd5 Qb6 24. b3 Rad8 25. Qe4 Rfe8 26. Rxd8 Qxd8 27. h4 b5 28. g3 Qd2 29. Qe2 Qd5 30. Kh2 Re6 31. f4 a5 32. Qe4 Qd2+ 33. Re2 Qd7 34. Qa8+ Kh7 35. Qxa5 Qd3 36. Qd2 Qf3 37. Qe3 Qf1 38. Qf2 Qb1 39. Qf3 Qd1 40. Kh3 Re7 41. f5 1-0

[Event "December 5 Early 2023"]
[Site "https://www.chess.com"]
[Date "2023.12.05"]
[Round "7"]
[White "Mangialardo, Tiago Carvalho"]
[Black "Pein, Jonathan"]
[Result "0-1"]
[Board "190"]
[TimeControl "180+1"]
[WhiteFideId "2130718"]
[BlackFideId "417092"]
[WhiteElo "2082"]
[BlackElo "2363"]
[WhiteTeam "BRA"]
[BlackTeam "ENG"]
[WhiteClock "0:00:00"]
[BlackClock "0:00:39"]

1. e4 e5 2. Nf3 d6 3. d4 exd4 4. Qxd4 Bd7 5. Bc4 Nc6 6. Qd3 Nf6 7. O-O Be7 8. Qb3 O-O 9. Bd2 Nxe4 10. Qxb7 Nxd2 11. Nbxd2 Rb8 12. Qa6 Nb4 13. Qxa7 Nxc2 14. Rac1 Nb4 15. a3 Nc6 16. Qe3 Rxb2 17. Nb3 Bf6 18. h3 Re8 19. Qf4 Ne7 20. Nfd4 Ng6 21. Qf3 Ne5 22. Qc3 Nxc4 23. Qxc4 c5 24. Qc3 Rxb3 25. Qxb3 Bxd4 26. Qa4 Bxa4 0-1

[Event "December 5 Early 2023"]
[Site "https://www.chess.com"]
[Date "2023.12.05"]
[Round "7"]
[White "Smirnov, Timofey"]
[Black "Osiecki, Stanislaw"]
[Result "0-1"]
[Board "191"]
[TimeControl "180+1"]
[WhiteFideId "24176427"]
[BlackFideId "1102990"]
[WhiteElo "2031"]
[BlackElo "2114"]
[WhiteTeam "RUS"]
[BlackTeam "POL"]
[WhiteClock "0:00:09"]
[BlackClock "0:00:28"]

1. d4 Nf6 2. Bf4 d6 3. e3 Nbd7 4. Nd2 c5 5. c3 cxd4 6. exd4 g6 7. Be2 Bg7 8. h3 O-O 9. Ngf3 Re8 10. O-O e5 11. dxe5 dxe5 12. Bh2 e4 13. Nd4 e3 14. fxe3 Rxe3 15. Nc4 Re7 16. Nd6 Ne5 17. Nxc8 Rxc8 18. Qb3 Nc6 19. Nxc6 Rxc6 20. Bf3 Qb6+ 21. Kh1 Rce6 22. Qxb6 Rxb6 23. Rab1 Ne4 24. Bxe4 Rxe4 25. Bg1 Ra6 26. a3 Re2 27. Rf2 Rxf2 28. Bxf2 Be5 29. Re1 f6 30. Kg1 Kf7 31. Kf1 Ke6 32. Bd4 b5 33. Bxe5 fxe5 34. Rd1 Rd6 35. Rxd6+ Kxd6 36. Ke2 Kd5 37. Ke3 Kc4 38. Ke4 Kb3 39. Kxe5 Kxb2 40. Kd5 Kxa3 41. Kc5 Kb3 42. Kxb5 Kxc3 43. Ka6 Kd3 44. Kxa7 Ke3 45. Kb7 Kf2 46. Kc7 Kxg2 47. Kd6 Kxh3 48. Ke5 g5 49. Ke4 g4 50. Ke3 Kh2 0-1

[Event "December 5 Early 2023"]
[Site "https://www.chess.com"]
[Date "2023.12.05"]
[Round "7"]
[White "Hartikainen, Jarmo"]
[Black "Subramanian, Anusha"]
[Result "1-0"]
[Board "192"]
[TimeControl "180+1"]
[WhiteFideId "503134"]
[BlackFideId "477710"]
[WhiteElo "2102"]
[BlackElo "2028"]
[WhiteTeam "FIN"]
[BlackTeam "ENG"]
[WhiteClock "0:00:01"]
[BlackClock "0:00:00"]

1. e4 e6 2. d4 d5 3. Nd2 dxe4 4. Nxe4 Nd7 5. Nf3 Ngf6 6. Bd3 Nxe4 7. Bxe4 Nf6 8. Bd3 c5 9. c3 cxd4 10. Nxd4 Bc5 11. Bg5 Bxd4 12. cxd4 Qa5+ 13. Bd2 Qd5 14. Qe2 O-O 15. O-O Bd7 16. Bc3 Bc6 17. f3 Rac8 18. Rfe1 Rfd8 19. a3 b5 20. Rad1 Qd7 21. Qe5 Qb7 22. h4 Rd5 23. Qe3 Rd7 24. Bb1 Nd5 25. Qd3 g6 26. Re5 Nf4 27. Qe3 Nd5 28. Qd3 Nxc3 29. bxc3 Rd5 30. h5 Rcd8 31. Qe3 Rxe5 32. Qxe5 Bxf3 33. gxf3 Qxf3 34. Rd3 Qg4+ 35. Qg3 Qxh5 36. Kg2 Qe2+ 37. Kh3 Qh5+ 38. Kg2 Qe2+ 39. Kh3 Rd5 40. Rf3 Rh5+ 41. Kg4 1-0

[Event "December 5 Early 2023"]
[Site "https://www.chess.com"]
[Date "2023.12.05"]
[Round "8"]
[White "Firouzja, Alireza"]
[Black "Aronian, Levon"]
[Result "1/2-1/2"]
[Board "1"]
[TimeControl "180+1"]
[WhiteFideId "12573981"]
[BlackFideId "13300474"]
[WhiteElo "3181"]
[BlackElo "3095"]
[WhiteTeam "FRA"]
[BlackTeam "USA"]
[WhiteClock "0:00:05"]
[BlackClock "0:00:14"]

1. e4 e5 2. Nf3 Nc6 3. Bb5 Nf6 4. d3 Bc5 5. c3 d5 6. Nbd2 O-O 7. O-O Re8 8. exd5 a6 9. Bc4 Na5 10. Re1 b5 11. Bb3 Nxb3 12. Nxb3 Qxd5 13. Nxc5 Qxc5 14. Bg5 Bg4 15. Bxf6 gxf6 16. d4 Bxf3 17. Qxf3 exd4 18. Qg4+ Kh8 19. cxd4 Qb4 20. Red1 Qxb2 21. Qf4 Re6 22. Qxc7 Rae8 23. g3 Kg7 24. d5 Re2 25. Qf4 Qe5 26. Qg4+ Kf8 27. d6 Qe4 28. Qxe4 R2xe4 29. Rac1 Rc4 30. Rxc4 bxc4 31. Kf1 c3 32. Rc1 Rd8 33. Rxc3 Rxd6 34. Rc4 Rd5 35. Kg2 Ra5 36. a4 Kg7 37. Rg4+ Kf8 38. Rf4 Kg7 39. Rc4 Rd5 40. Rc6 Ra5 41. Rc4 Rd5 42. Kf3 h5 43. Kg2 Kg6 44. Kf3 Rf5+ 45. Kg2 Rd5 46. Kf3 Rf5+ 47. Kg2 Rd5 1/2-1/2

[Event "December 5 Early 2023"]
[Site "https://www.chess.com"]
[Date "2023.12.05"]
[Round "8"]
[White "Henriquez Villagra, Cristobal"]
[Black "Le, Tuan Minh"]
[Result "0-1"]
[Board "2"]
[TimeControl "180+1"]
[WhiteFideId "3409350"]
[BlackFideId "12401153"]
[WhiteElo "2982"]
[BlackElo "3074"]
[WhiteTeam "CHI"]
[BlackTeam "VIE"]
[WhiteClock "0:01:07"]
[BlackClock "0:01:35"]

1. e4 e5 2. Nf3 Nc6 3. Bc4 Bc5 4. c3 Nf6 5. d3 d6 6. Nbd2 a6 7. a4 Ba7 8. O-O O-O 9. h3 Ne7 10. b4 Ng6 11. Ra2 c6 12. Bb3 d5 13. Bc2 Re8 14. Nb3 h6 15. a5 Be6 16. Rb2 Qd6 17. Qe2 Rad8 18. Re1 Nh5 19. Qf1 Ng3 0-1

[Event "December 5 Early 2023"]
[Site "https://www.chess.com"]
[Date "2023.12.05"]
[Round "8"]
[White "Navara, David"]
[Black "Andreikin, Dmitry"]
[Result "0-1"]
[Board "3"]
[TimeControl "180+1"]
[WhiteFideId "309095"]
[BlackFideId "4158814"]
[WhiteElo "2992"]
[BlackElo "3095"]
[WhiteTeam "CZE"]
[BlackTeam "FID"]
[WhiteClock "0:00:00"]
[BlackClock "0:00:05"]

1. e4 e5 2. Nf3 Nc6 3. Bb5 f5 4. d4 fxe4 5. Nxe5 Nxe5 6. dxe5 c6 7. Nc3 cxb5 8. Nxe4 d5 9. exd6 Nf6 10. Bg5 Qa5+ 11. Nc3 b4 12. Bxf6 gxf6 13. Nd5 Be6 14. Nc7+ Kd7 15. Qe2 Bxd6 16. Nxa8 Qe5 17. Qxe5 Bxe5 18. O-O-O+ Kc6 19. g3 Rxa8 20. f4 Bd6 21. Rhe1 Bf5 22. Rd2 Bc5 23. b3 h5 24. Kb2 a5 25. Red1 Bg4 26. Rd8 Ra6 27. R1d2 a4 28. bxa4 Rxa4 29. Rh8 Be6 30. Rxh5 Rxa2+ 31. Kb1 b3 32. Rh6 Bb4 33. Rxf6 Bxd2 34. Rxe6+ Kd5 35. cxb3 Kxe6 36. Kxa2 Be3 37. Ka3 Bg1 38. h3 Bh2 39. g4 Bxf4 40. Kb4 Kf6 41. Kb5 Be3 42. Kc4 Kg5 43. Kd5 Kh4 44. Ke4 Bc1 45. Kf5 Kxh3 46. g5 Kg3 47. g6 Bb2 48. b4 Kf3 49. b5 b6 50. Ke6 Kg4 51. Kd6 Kf5 0-1

[Event "December 5 Early 2023"]
[Site "https://www.chess.com"]
[Date "2023.12.05"]
[Round "8"]
[White "Bortnyk, Olexandr"]
[Black "Shimanov, Aleksandr"]
[Result "0-1"]
[Board "4"]
[TimeControl "180+1"]
[WhiteFideId "14120828"]
[BlackFideId "4198603"]
[WhiteElo "3079"]
[BlackElo "2963"]
[WhiteTeam "UKR"]
[BlackTeam "RUS"]
[WhiteClock "0:00:00"]
[BlackClock "0:00:03"]

1. e4 e6 2. Nf3 d5 3. e5 c5 4. d4 Nc6 5. Bd3 Nge7 6. O-O cxd4 7. Bf4 Ng6 8. Bg3 Be7 9. Re1 O-O 10. Nbd2 Bd7 11. Nb3 Qb6 12. a4 a5 13. h4 Bb4 14. h5 Nge7 15. Re2 h6 16. Nfxd4 Nxd4 17. Nxd4 Nc6 18. Nb5 Na7 19. Nd4 Nc6 20. Nf3 Ne7 21. Bh4 Nf5 22. Bxf5 exf5 23. Qxd5 Be6 24. Qd1 Rfc8 25. c3 Bc5 26. Rd2 Qc7 27. Qc2 Qb6 28. Qd3 Qc6 29. Nd4 Bxd4 30. Qxd4 b5 31. Be7 Rab8 32. Bd6 Rb7 33. axb5 Rxb5 34. b4 axb4 35. cxb4 Qb7 36. Bc5 Qc6 37. Qd6 Qe4 38. Qd4 Qc6 39. f3 Rbb8 40. Ra7 Qb5 41. Kf2 Kh7 42. Qd3 Qc6 43. Qa6 Qe8 44. Re7 Qg8 45. Rd6 Ra8 46. Qd3 Ra2+ 47. Kg3 Kh8 48. Qe3 Rb2 49. Rd2 Rb3 50. Qf4 Ra8 51. Rc7 Qb8 52. Re7 Qb5 53. Qd4 Qf1 54. Qd8+ Rxd8 55. Rxd8+ Kh7 56. Ree8 Qe1+ 57. Bf2 Qxe5+ 58. Kh3 g5 59. hxg6+ Kxg6 60. Bd4 Qe1 61. Rg8+ Kh5 0-1

[Event "December 5 Early 2023"]
[Site "https://www.chess.com"]
[Date "2023.12.05"]
[Round "8"]
[White "Oparin, Grigoriy"]
[Black "Drygalov, Sergey"]
[Result "0-1"]
[Board "5"]
[TimeControl "180+1"]
[WhiteFideId "24125890"]
[BlackFideId "24171743"]
[WhiteElo "3064"]
[BlackElo "2959"]
[WhiteTeam "USA"]
[BlackTeam "RUS"]
[WhiteClock "0:00:16"]
[BlackClock "0:00:56"]

1. Nf3 d5 2. g3 g6 3. c4 dxc4 4. Na3 Nc6 5. Nxc4 Bg7 6. d3 e5 7. Bd2 Nge7 8. Bg2 O-O 9. b4 Nf5 10. O-O Ncd4 11. Nfxe5 Re8 12. f4 f6 13. e3 fxe5 14. exd4 exf4 15. Rxf4 Bxd4+ 16. Kh1 Bxa1 17. Qxa1 Qxd3 18. g4 Be6 19. gxf5 Bxc4 20. Rd4 Qe2 21. fxg6 hxg6 22. Rh4 Re5 23. Rh3 0-1

[Event "December 5 Early 2023"]
[Site "https://www.chess.com"]
[Date "2023.12.05"]
[Round "8"]
[White "Grigoriants, Sergey"]
[Black "Duda, Jan-Krzysztof"]
[Result "0-1"]
[Board "6"]
[TimeControl "180+1"]
[WhiteFideId "4130804"]
[BlackFideId "1170546"]
[WhiteElo "2944"]
[BlackElo "3061"]
[WhiteTeam "HUN"]
[BlackTeam "POL"]
[WhiteClock "0:00:03"]
[BlackClock "0:00:07"]

1. d4 Nf6 2. c4 e6 3. Bg5 h6 4. Bh4 c5 5. d5 Qa5+ 6. Nc3 Ne4 7. Qd3 Nxc3 8. bxc3 d6 9. Nf3 g5 10. Bg3 Bg7 11. Rc1 e5 12. e4 Qxa2 13. Be2 Qa5 14. h4 Qd8 15. hxg5 hxg5 16. Rxh8+ Bxh8 17. Kd2 g4 18. Rh1 Bf6 19. Ne1 Bg5+ 20. Kc2 Qf6 21. Qd1 Bd7 22. Kd3 Kd8 23. Bxg4 Kc7 24. Nc2 Qg6 25. Bxd7 Nxd7 26. Qh5 Qf6 27. Qg4 a6 28. Na3 Rg8 29. Rh7 Qe7 30. Qf5 Nf6 31. Rh1 Qe8 32. Nc2 b5 33. Ne3 Rg6 34. Ra1 Kb6 35. Qf3 Bxe3 36. Qxe3 Rg4 37. Qf3 bxc4+ 38. Kc2 Rg6 39. Rb1+ Kc7 40. Bh4 Nd7 41. Ra1 Nb8 42. Qe2 Qb5 43. Bg3 Qb3+ 44. Kc1 Qxc3+ 45. Kb1 Rh6 46. Ka2 Rg6 47. Rb1 Qa5+ 48. Kb2 Qb4+ 49. Kc2 Qa4+ 50. Kc3 Qa3+ 51. Kc2 Qa4+ 52. Kb2 Nd7 53. Qe3 Nb6 54. Ra1 Qb4+ 55. Kc2 a5 56. Qf3 Rg7 57. Qf6 Qb3+ 58. Kd2 Qb2+ 59. Ke3 Qc3+ 60. Ke2 Qd3+ 61. Ke1 Rh7 62. Qf5 Rh1# 0-1

[Event "December 5 Early 2023"]
[Site "https://www.chess.com"]
[Date "2023.12.05"]
[Round "8"]
[White "Zemlyanskii, Ivan"]
[Black "Tran, Tuan Minh"]
[Result "1-0"]
[Board "7"]
[TimeControl "180+1"]
[WhiteFideId "24249971"]
[BlackFideId "12401820"]
[WhiteElo "3022"]
[BlackElo "2944"]
[WhiteTeam "RUS"]
[BlackTeam "VIE"]
[WhiteClock "0:00:03"]
[BlackClock "0:00:05"]

1. d4 Nf6 2. c4 e6 3. Bf4 b6 4. Nc3 Bb7 5. e3 Bb4 6. Ne2 Ne4 7. Qc2 g5 8. Bg3 Qf6 9. a3 Bxc3+ 10. Nxc3 Nxg3 11. hxg3 h5 12. O-O-O Nc6 13. Bd3 O-O-O 14. Be4 Kb8 15. Rh2 Rh6 16. Rdh1 Rdh8 17. Qe2 g4 18. f4 gxf3 19. gxf3 Qg7 20. f4 Ne7 21. d5 Ng8 22. Rxh5 Rxh5 23. Rxh5 Rxh5 24. Qxh5 Nf6 25. Qh4 a6 26. Bf3 Qg6 27. e4 Ka7 28. Kd2 Qg7 29. e5 Ng8 30. Ke3 Ne7 31. g4 Qf8 32. Qf6 Ng8 33. Qg5 Qc5+ 34. Kd3 Qf8 35. Be4 f6 36. exf6 Nxf6 37. Bf3 Qe7 38. Qe5 Qh7+ 39. Ke3 Qe7 40. dxe6 Bxf3 41. Kxf3 dxe6 42. Ne4 Ne8 43. g5 Qd7 44. Kg4 Qd1+ 45. Kh4 Qh1+ 46. Kg3 Qg1+ 47. Kf3 Qf1+ 48. Nf2 Qxc4 49. g6 Qb3+ 50. Kg4 Qc2 51. Ne4 Qg2+ 52. Ng3 Qc2 53. Qxe6 Qd1+ 54. Kg5 Nd6 55. g7 Qg1 56. Qg4 Qc5+ 57. Kg6 Qc4 58. Kh7 Qf7 59. Qg6 Qe7 60. Kh8 Qh4+ 61. Nh5 Ne4 62. g8=Q Ng3 63. Qxg3 Qxh5+ 64. Qh7 Qe8+ 65. Qgg8 Qe3 66. Qxc7# 1-0

[Event "December 5 Early 2023"]
[Site "https://www.chess.com"]
[Date "2023.12.05"]
[Round "8"]
[White "Popov, Konstantin"]
[Black "Matlakov, Maxim"]
[Result "0-1"]
[Board "8"]
[TimeControl "180+1"]
[WhiteFideId "34137910"]
[BlackFideId "4168003"]
[WhiteElo "2889"]
[BlackElo "2995"]
[WhiteTeam "FID"]
[BlackTeam "RUS"]
[WhiteClock "0:00:32"]
[BlackClock "0:00:26"]

1. e4 c5 2. Nf3 Nc6 3. d4 cxd4 4. Nxd4 e6 5. Nc3 Qc7 6. Nxc6 bxc6 7. Bd3 d5 8. O-O Be7 9. Qf3 Nf6 10. exd5 exd5 11. Bf4 Qb7 12. Rfe1 O-O 13. Na4 c5 14. b3 Be6 15. Be5 Rac8 16. Rad1 Qc6 17. Nc3 Bg4 18. Qf4 Bxd1 19. Nxd1 c4 20. Bf5 Rce8 21. Ne3 Bc5 22. Rd1 Nh5 23. Qf3 Rxe5 24. Rxd5 Rxd5 25. Nxd5 Qh6 26. g4 Nf6 27. bxc4 Nxd5 28. cxd5 Qd6 29. Kg2 g6 30. Bd3 Re8 31. h4 Kg7 32. h5 gxh5 33. gxh5 Qf6 0-1

[Event "December 5 Early 2023"]
[Site "https://www.chess.com"]
[Date "2023.12.05"]
[Round "8"]
[White "Mamedov, Edgar"]
[Black "Martinez Alcantara, Jose Eduardo"]
[Result "0-1"]
[Board "9"]
[TimeControl "180+1"]
[WhiteFideId "13739980"]
[BlackFideId "3805662"]
[WhiteElo "2752"]
[BlackElo "2995"]
[WhiteTeam "KAZ"]
[BlackTeam "PER"]
[WhiteClock "0:00:00"]
[BlackClock "0:00:03"]

1. d4 Nf6 2. c4 e6 3. Nf3 Bb4+ 4. Bd2 c5 5. Bxb4 cxb4 6. e3 b6 7. Bd3 a5 8. O-O Bb7 9. Nbd2 d6 10. a3 Na6 11. e4 O-O 12. Qe2 h6 13. Rfd1 Qc7 14. e5 dxe5 15. Nxe5 Rad8 16. Ndf3 Bxf3 17. Nxf3 bxa3 18. Rxa3 Nb8 19. Rc3 Nc6 20. c5 Nd5 21. Rcc1 Qb7 22. Be4 b5 23. Ne5 Qc7 24. Qxb5 Nxd4 25. Rxd4 Qxe5 26. Rcd1 Rb8 27. Qxa5 Rxb2 28. g3 Nf6 29. Bf3 Rc2 30. Rd8 Qxc5 31. Rxf8+ Kxf8 32. Rd8+ Ke7 33. Qxc5+ Rxc5 34. Ra8 Rc7 35. h4 Nd7 36. Kg2 Ne5 37. Be2 g5 38. hxg5 hxg5 39. f4 gxf4 40. gxf4 Ng6 41. Ra4 Kf6 42. Kg3 Rc3+ 43. Kf2 Rb3 44. Bg4 Ne7 45. Rc4 Rb2+ 46. Kg3 Rb3+ 47. Kf2 Ra3 48. Rb4 Nd5 49. Rd4 Ne3 50. Bf3 Nf5 51. Rb4 Ra2+ 52. Be2 Ke7 53. Kf3 Ra3+ 54. Kf2 Nd6 55. Bf3 f5 56. Rd4 Rc3 57. Rb4 Kf6 58. Rd4 Nc4 59. Rd7 Rc2+ 60. Kg3 Ne3 61. Bh5 e5 62. Rd6+ Ke7 63. fxe5 Rc4 64. Kf3 Re4 65. Rd3 Nc4 66. Rc3 Nxe5+ 67. Kf2 Kf6 68. Bf3 Rf4 69. Kg3 Ra4 70. Bd5 Rd4 71. Ba8 Kg5 72. Bb7 Rd2 73. Ba8 Rb2 74. Bd5 Ng4 75. Kf3 Rf2+ 0-1